Map: Crête de Lerilak

Players

BLAZE - Winner!

  • Race: Zerg Zerg
  • League: Silver
  • Spawn Location: 5:00

zidar

  • Race: Zerg Zerg
  • League: Silver
  • Spawn Location: 11:00

VOD

Have the link to the VOD?

Description

Time

  • Played on: Feb. 10, 2016, 3:48 p.m.
  • Length: 17:41
Show
View Real Time Build Order
Export as new Build Order

BLAZE Zerg - Winner!

Build Orders: Pool First 

Get SALT Encoding   

  12  0:06  Drone  
  13  0:08  Drone  
  14  0:26  Spawning Pool  
  13  0:30  Drone  
  14  0:39  Extractor  
  13  0:45  Drone  
  13  0:46  Overlord  
  14  1:13  Zergling x6  
  17  1:37  Hatchery  
  16  1:44  Extractor  
  15  1:52  Drone x3  
  18  1:56  Queen  
  20  2:09  Drone  
  20  2:32  Metabolic Boost  
  20  2:39  Drone  
  20  2:40  Overlord  
  20  2:42  Overlord  
  21  2:59  Queen  
  21  3:03  Lair  
  24  3:05  Drone x2  
  24  3:08  Drone  
  24  3:12  Drone  
  27  3:15  Drone  
  28  3:24  Zergling x4  
  28  3:26  Zergling x2  
  30  3:29  Zergling x2  
  30  3:32  Zergling x2  
  31  3:46  Spine Crawler, Drone x2  
  32  4:06  Extractor  
  31  4:17  Roach Warren  
  31  4:19  Drone x6  
  36  4:31  Drone x2  
  38  4:44  Overlord x2  
  38  5:00  Drone  
  38  5:01  Drone  
  38  5:06  Hatchery  
  39  5:14  Glial Reconstitution  
  39  5:21  Roach  
  39  5:22  Roach x6  
  39  5:26  Roach  
  55  5:53  Overlord x3  
  55  5:55  Roach x2  
  59  6:12  Roach x6  
  71  6:24  Roach x3  
  81  6:40  Roach x2  
  81  6:41  Roach  
  81  6:44  Drone  
  81  6:45  Hatchery  
  87  7:08  Roach x2  
  87  7:09  Roach  
  87  7:14  Overlord x2  
  87  7:15  Overlord  
  89  7:27  Overseer  
  89  7:37  Drone x5  
  89  7:38  Drone x4  
  96  7:58  Roach x2  
  96  7:59  Roach x4  
  96  8:02  Roach  
  99  8:11  Spore Crawler  
  98  8:14  Spore Crawler  
  98  8:16  Spore Crawler  
  95  8:21  Spore Crawler  
  93  8:40  Hydralisk Den  
  78  8:54  Spore Crawler  
  65  8:56  Spore Crawler  
  65  9:02  Spore Crawler  
  45  9:04  Drone x4  
  45  9:05  Drone x7  
  45  9:06  Drone  
  39  9:33  Queen  
  39  9:37  Hydralisk x4  
  39  9:38  Hydralisk x2  
  51  9:41  Hydralisk  
  51  9:44  Hydralisk  
  51  9:55  Hydralisk x2  
  48  10:02  Hydralisk  
  28  10:38  Hydralisk Den  
  18  11:08  Hydralisk x8  
  30  11:44  Hydralisk x3  
  30  11:45  Hydralisk  
  26  11:52  Hydralisk  
  26  12:04  Spore Crawler  
  13  12:37  Hydralisk x3  
  13  12:41  Hydralisk x2  
  23  12:48  Hydralisk  
  25  13:00  Hydralisk  
  27  13:17  Hydralisk x2  
  31  13:35  Hydralisk  
  33  14:11  Hydralisk x2  
  37  15:08  Hatchery  
  36  15:14  Spore Crawler  
  36  15:17  Spore Crawler  
  34  15:55  Drone x3  
  31  16:31  Drone x5  
  26  17:01  Hydralisk x4  
Show
View Real Time Build Order
Export as new Build Order

zidar Zerg 

Build Orders: Pool First 

Get SALT Encoding   

  12  0:02  Drone  
  13  0:12  Overlord  
  13  0:17  Drone  
  14  0:30  Drone  
  14  0:33  Drone  
  16  0:36  Drone  
  17  0:48  Spawning Pool  
  16  0:50  Drone  
  17  1:14  Hatchery  
  17  1:16  Drone  
  17  1:19  Extractor  
  17  1:21  Drone  
  17  1:40  Queen  
  17  1:41  Spine Crawler  
  17  1:54  Zergling x6  
  20  2:05  Drone  
  21  2:29  Queen  
  23  2:34  Roach Warren  
  23  2:36  Drone x2, Extractor  
  23  2:43  Metabolic Boost  
  23  3:07  Drone x5  
  24  3:42  Queen  
  26  3:50  Overlord  
  26  3:53  Overlord  
  26  4:05  Drone  
  26  4:08  Drone x3  
  30  4:30  Roach x5  
  40  4:39  Lair  
  40  4:54  Roach x2, Overlord  
  44  5:05  Extractor  
  44  5:07  Drone x2, Extractor  
  44  5:12  Drone x2  
  46  5:25  Drone x4  
  50  5:38  Drone  
  51  5:46  Spire  
  50  5:59  Roach  
  50  6:02  Overlord  
  50  6:03  Overlord x2  
  52  6:58  Mutalisk x10  
  72  7:04  Mutalisk  
  74  7:40  Mutalisk  
  74  7:44  Overlord x3  
  49  8:19  Mutalisk x7  
  39  9:17  Mutalisk x3  
  31  10:00  Drone x2  
  27  12:00  Drone  
  28  12:39  Drone x2  
  30  12:48  Drone  
  27  13:42  Spawning Pool, Drone  
  27  13:44  Drone  
  28  14:02  Drone  
  29  14:03  Drone  
  30  14:33  Zergling x6  
  33  14:54  Zergling x2  
  32  15:12  Zergling x2  
  32  15:13  Zergling x2  
  34  15:26  Zergling x2  
  35  15:28  Zergling x2  
  35  15:30  Queen  
  38  15:56  Zergling x4  
  40  16:01  Zergling x2  
  23  16:35  Zergling x6  
  9  17:11  Mutalisk x3  
Tags
 
Add a new tag
Caveats
  • Supply blocks, unpowered buildings, or Contaminate may cause inaccurate times.
  • Supply counts are checked every 10 seconds.